 Dungeon Crawl Stone Soup version 0.26.1-11-gd32895ea62 (console) character file.

Game seed: 10323344397617244250

3497 erker the Transmogrifier (level 10, -10/68 HPs)
             Began as an Octopode Transmuter on July 13, 2021.
             Mangled by a hornet (11 damage)
             ... while paralysed by a hornet
             ... on level 8 of the Dungeon.
             The game lasted 00:24:45 (10604 turns).

erker the Transmogrifier (Octopode Transmuter)     Turns: 10604, Time: 00:24:45

Health: -10/68     AC:  6    Str:  9    XL:     10   Next: 7%
Magic:  14/16      EV:  5    Int: 18    God:
Gold:   433        SH:  0    Dex: 19    Spells: 8/17 levels left

rFire    . . .     SeeInvis .     - Unarmed
rCold    . . .     Faith    +   (shield currently unavailable)
rNeg     . . .     Spirit   .   (helmet currently unavailable)
rPois    x         Reflect  .   i - amulet of faith
rElec    .         Harm     .   r - ring of stealth
rCorr    .         Rampage  .   v - +4 ring of protection
Will     .....                  (no ring)
Stlth    ++++......             (no ring)
HPRegen  0.21/turn              (no ring)
MPRegen  0.15/turn              (no ring)
                                (no ring)
                                (no ring)

@: paralysed, lethally poisoned (-10 -> -74), spider-form (expiring), slowed
A: tiny, almost no armour, stealthy swim, (amphibious), 8 rings, (constrict 8)
a: End Transformation


You were on level 8 of the Dungeon.
You were a venomous arachnid creature.
You visited 2 branches of the dungeon, and saw 11 of its levels.

You collected 433 gold pieces.

Inventory:

Hand Weapons
 A - a +2 dagger of venom
Missiles
 e - 13 atropa-tipped darts (quivered)
 z - 54 poisoned darts
 C - 2 boomerangs of dispersal
Jewellery
 i - an amulet of faith (around neck)
 l - an uncursed ring of ice
 r - a ring of stealth (left front leg)
 v - a +4 ring of protection (right front leg)
Wands
 t - a wand of disintegration (2)
 w - a wand of random effects (19)
 D - a wand of polymorph (10)
Scrolls
 a - 3 scrolls of identify
 b - 2 scrolls of enchant weapon {unknown}
 c - 3 scrolls of amnesia {unknown}
 j - 3 scrolls of fear {unknown}
 o - 5 scrolls of teleportation {unknown}
 p - 3 scrolls of remove curse {unknown}
 s - 3 scrolls of fog {unknown}
 x - a scroll of magic mapping {unknown}
 y - 2 scrolls of enchant armour {unknown}
 E - a scroll of immolation {unknown}
Potions
 d - 2 potions of flight
 f - 4 potions of heal wounds
 g - a potion of ambrosia
 h - 2 potions of curing
 k - 3 potions of might
 m - a potion of haste
 n - 2 potions of mutation
 q - 3 potions of brilliance
 u - a potion of invisibility
 B - a potion of berserk rage
 F - a potion of attraction
 G - a potion of cancellation {unknown}


   Skills:
 + Level 5.9 Fighting
 - Level 4.0 Dodging
 - Level 6.0 Stealth
 - Level 8.0 Unarmed Combat
 - Level 4.0 Spellcasting
 - Level 8.0 Transmutations
 - Level 2.0 Poison Magic


You had 8 spell levels left.
You knew the following spells:

 Your Spells              Type           Power        Failure   Level
a - Beastly Appendage     Tmut           64%          3%          1
h - Blade Hands           Tmut           16%          34%         5
s - Spider Form           Tmut/Pois      10%          16%         3

Your spell library contained the following spells:

 Spells                   Type           Power        Failure   Level
 Wereblood                Tmut           32%          4%          2
 Ice Form                 Ice/Tmut       18%          50%         4


Dungeon Overview and Level Annotations

Branches:
Dungeon (10/15)            Temple (1/1) D:4
   Lair: D:8-11         Orc: D:9-12

Altars:
Ashenzari
Dithmenos
Fedhas
Kikubaaqudgha
Makhleb
Okawaru
Qazlal
Sif Muna
Trog
Uskayaw
Vehumet
Wu Jian
Xom
Zin
The Shining One

Annotations:
D:10 Grum


Innate Abilities, Weirdness & Mutations

You cannot wear most types of armour.
You are very stealthy in the water. (Stealth+)
((You are amphibious.))
You can wear up to eight rings at the same time.
((You can use your tentacles to constrict eight enemies at once.))
((Your skin changes colour to match your surroundings (Stealth+).))
((Your rubbery body absorbs attacks. (AC +1, EV +1)))


Message History

The hornet stings you but does no damage.
You hit the hornet.
The hornet is lightly wounded.
You feel very sick. The hornet stings you.
You are lethally poisoned!
You feel as though you will be slow longer.
The hornet stings you!
* * * LOW HITPOINT WARNING * * *
You are more poisoned.
You suddenly lose the ability to move!
* * * LOW HITPOINT WARNING * * *
You feel very sick. The hornet stings you.
* * * LOW HITPOINT WARNING * * *
You feel as though you will be slow longer.
* * * LOW HITPOINT WARNING * * *
You feel very sick. The hornet stings you!
You die...

#.#.#.#.#...##.#.#
#.# #.#...
#...#)#...#....#.#
#.# #.....
#.#.#.#.#.########
#.# #....#
##.##...##.#
#.#####....#
....#####..###
####.#........#
.............##
###...>#.####..<#
..........##
#B#.##......#
#..## .....(....#
##y#.########
#.... ..........#
#.#s## #####
######....# ##.#.#
#....# #.#.##
#....######.###
#..........#..#
##...###.....##
#...# #######
#####


You could see a soldier ant (poisoned) and a hornet.

Vanquished Creatures
  An unseen horror (D:10)
  4 humans (D:6)
  A sky beast (D:8)
  2 black bears
  A phantom (D:5)
  An orc warrior (D:6)
  A necrophage (D:5)
  An ogre (D:5)
  3 centaurs (D:5)
  A big kobold (D:10)
  2 bullfrogs
  A wyvern skeleton (D:6)
  A scorpion (D:8)
  4 wights (D:6)
  2 howler monkeys
  A bullfrog zombie (D:6)
  A centaur skeleton (D:6)
  A bullfrog skeleton (D:6)
  4 hounds
  2 jellies
  6 orc priests
  5 orc wizards
  An iguana (D:4)
  6 worker ants
  2 hound zombies
  2 hound skeletons (D:5)
  A howler monkey zombie (D:7)
  A worker ant zombie (D:5)
  6 adders
  A shadow imp (D:7)
  An ooze (D:3)
  2 adder skeletons
  3 worms (D:2)
  6 dart slugs
  4 leopard geckos
  23 orcs
  2 giant cockroaches
  12 goblins
  3 hobgoblins
  15 kobolds
  2 quokkas (D:3)
  A ball python (D:1)
  5 bats (D:1)
  5 frilled lizards
  A quokka skeleton (D:2)
  6 rats
157 creatures vanquished.

Notes
Turn   | Place    | Note
-------+----------+-------------------------------------------
     0 | D:1      | erker the Octopode Transmuter began the quest for the Orb.
     0 | D:1      | Reached XP level 1. HP: 13/13 MP: 3/3
   315 | D:1      | Reached XP level 2. HP: 10/18 MP: 5/5
   748 | D:1      | Reached XP level 3. HP: 23/23 MP: 6/6
  1068 | D:2      | Learned a level 3 spell: Spider Form
  1903 | D:2      | Reached skill level 1 in Poison Magic
  1903 | D:2      | Reached XP level 4. HP: 16/28 MP: 3/7
  2353 | D:2      | Found a glowing silver altar of Zin.
  2354 | D:2      | Found a bloodstained altar of Trog.
  2354 | D:2      | Found a radiant altar of Vehumet.
  2367 | D:2      | Found an ornate altar of the Wu Jian Council.
  2607 | D:3      | Found a faded altar of an unknown god.
  2622 | D:3      | HP: 1/28 [dart slug/slug dart (4)]
  2627 | D:3      | Reached skill level 1 in Stealth
  3073 | D:3      | Found a burning altar of Makhleb.
  3588 | D:4      | Found a staircase to the Ecumenical Temple.
  3593 | D:4      | Reached XP level 5. HP: 33/33 MP: 1/8
  3600 | Temple   | Entered the Ecumenical Temple
  4597 | D:4      | Reached XP level 6. HP: 39/39 MP: 9/9
  4631 | D:4      | Found a glowing golden altar of the Shining One.
  4739 | D:5      | Entered Level 5 of the Dungeon
  4803 | D:5      | Noticed a necrophage
  4822 | D:5      | Noticed a phantom
  5088 | D:5      | Killed a phantom
  5089 | D:5      | Reached skill level 5 in Transmutations
  5221 | D:5      | Reached XP level 7. HP: 31/45 MP: 6/10
  5409 | D:5      | HP: 2/40 [necrophage (2)]
  6193 | D:5      | Reached skill level 5 in Unarmed Combat
  6193 | D:5      | Reached XP level 8. HP: 35/50 MP: 11/14
  7622 | D:6      | Reached XP level 9. HP: 48/58 MP: 12/15
  7651 | D:6      | Learned a level 5 spell: Blade Hands
  8487 | D:7      | Reached skill level 5 in Stealth
  9650 | D:7      | You fall into a shaft and drop 3 floors!
  9650 | D:10     | Entered Level 10 of the Dungeon
  9676 | D:10     | Killed an unseen horror
  9982 | D:10     | Noticed Grum
 10089 | D:9      | Reached skill level 5 in Fighting
 10089 | D:9      | Reached XP level 10. HP: 34/66 MP: 13/16
 10602 | D:8      | Paralysed by a hornet for 3 turns
 10604 | D:8      | HP: 1/68 [poisoned by a hornet]
 10604 | D:8      | Mangled by a hornet

Illustrated notes

Levels and vault maps discovered:
D:1:      amcnicky_arrival_feature_with_door, layout_loops_ring
D:2:      layout_basic, minitemple, minmay_misc_feat_square, corner_web_ring
D:3:      layout_basic, chequers_ecumenical_altar_simple_redux, serial_glass,
          glass_columns_a, glass_columns_a, bloody_makhleb
D:4:      layout_basic, nicolae_tso_swordbearing_angel,
          minmay_temple_entry_waves
D:5:      layout_rooms
D:6:      layout_gridville, minmay_ruffians
D:7:      layout_loops_ring, amcnicky_mini_pool_small
D:8:      layout_basic, kennysheep_ying_yang, slow_altar_1,
          kennysheep_little_box, minmay_overflow_temple_star_quad,
          hangedman_abyss_or_decor_lesser_grid, hangedman_pestilent_swarm,
          minmay_checkerbox
D:9:      minmay_cornered_nines, layout_small_grid, grunt_gozag_statues
D:10:     layout_loops_cross, basic_altar, nrook_mini_vaults,
          minmay_diamond_spiral, uniq_grum
Temple:   compressed_dpeg_triangle_lava_temple

Skill      XL: |  1  2  3  4  5  6  7  8  9 |
---------------+----------------------------+-----
Transmutations | 3 4 5 6 8 |  8.0
Poison Magic   | 1 2 |  2.0
Stealth        | 3 4 6 |  6.0
Fighting       | 2 4 5 |  5.9
Unarmed Combat | 4 5 6 8 |  8.0
Spellcasting   | 4 |  4.0
Dodging        | 4 |  4.0

Action                   |  1- 3 |  4- 6 |  7- 9 | 10-12 || total
-------------------------+-------+-------+-------+-------++-------
Melee: Unarmed           |    72 |   142 |   343 |    33 ||   590
       Constrict         |    20 |    19 |    12 |     1 ||    52
       Kick              |    14 |    10 |       |       ||    24
       Tentacles         |     8 |     8 |     5 |     1 ||    22
       Punch             |     1 |     3 |     1 |       ||     5
Throw: Dart              |       |       |     1 |       ||     1
 Cast: Beastly Appendage |    22 |    14 |       |       ||    36
       Spider Form       |     2 |    10 |    31 |     5 ||    48
Evoke: Wand              |       |    11 |     5 |       ||    16
  Use: Potion            |       |     2 |     5 |     2 ||     9
       Scroll            |       |       |    10 |       ||    10
 Stab: Sleeping          |     5 |    10 |     6 |     3 ||    24
       Invisible         |       |       |       |     1 ||     1
Armor: Skin              |    13 |     7 |    49 |     4 ||    73
Dodge: Dodged            |    37 |    86 |   289 |    21 ||   433
